 Dungeon Crawl Stone Soup version 0.32-a0-612-g1c984fe9d1 (webtiles) character file.

Game seed: 15243515766272644977

1236 gimp the Slasher (level 8, 0/60 (61) HPs)
             Began as a Coglin Artificer on Mar 4, 2024.
             Was a Follower of Wu Jian.
             Slain by a black bear (5 damage)
             ... on level 6 of the Dungeon.
             The game lasted 00:07:51 (4415 turns).

gimp the Slasher (Coglin Artificer)                 Turns: 4415, Time: 00:07:52

HP:   0/60 (61)     AC:  9    Str: 12    XL:     8   Next: 49%
MP:   8/8           EV: 12    Int: 10    God:    Wu Jian [*.....]
Gold: 228           SH:  0    Dex: 18    Spells: 7/7 levels left

rFire   . . .        a - +0 long sword {Alejandra}
rCold   . . .        b - +2 short sword (elec) {Bo}
rNeg    . . .        n - +0 ring mail
rPois   .            t - +2 helmet
rElec   .            (no cloak)
rCorr   .            f - +0 pair of gloves
SInv    .            (no boots)
Will    .....        (amulet unavailable)
Stlth   +            (ring unavailable)
HPRegen 0.30/turn    (ring unavailable)
MPRegen 0.11/turn    (no gizmo)

%: no passive effects
@: attractive, lightly drained, revving
A: off-hand wielding, slow wielding, warmup strikes, no jewellery
a: Invent Gizmo, Renounce Religion


You were on level 6 of the Dungeon.
You worshipped Wu Jian.
Wu Jian was aware of your devotion.
You visited 2 branches of the dungeon, and saw 7 of its levels.

You collected 228 gold pieces.

Inventory:

Hand Weapons
 a - a +0 long sword (weapon) {Alejandra}
 b - a +2 short sword of electrocution (offhand) {Bo}
 j - a +0 dagger of draining {Navbir}
Missiles
 w - a throwing net
Armour
 f - a +0 pair of gloves (worn)
 n - a +0 ring mail (worn)
 t - a +2 helmet (worn)
Wands
 c - a wand of flame (15)
 d - a wand of charming (13)
 e - a wand of iceblast (10)
Scrolls
 l - 3 scrolls of noise {unknown}
 o - 2 scrolls of teleportation {unknown}
 r - 6 scrolls of identify {unknown}
 s - a scroll of silence {unknown}
 x - a scroll of enchant armour {unknown}
 y - 2 scrolls of immolation {unknown}
Potions
 g - a potion of heal wounds {unknown}
 h - a potion of might {unknown}
 i - a potion of attraction
 k - a potion of mutation {unknown}
 m - a potion of degeneration {unknown}
 p - 5 potions of curing {unknown}
 q - a potion of magic {unknown}
 u - 2 potions of cancellation {unknown}
 v - a potion of enlightenment {unknown}
 z - 3 potions of haste {unknown}
 A - a potion of lignification {unknown}


   Skills:
 + Level 4.9 Fighting
 * Level 6.9 Long Blades
 - Level 1.7 Armour
 + Level 4.4 Dodging
 - Level 0.7 Stealth
 - Level 4.0 Evocations


You had 7 spell levels left.
You didn't know any spells.
Your spell library contained the following spells:

 Spells                   Type           Power      Damage    Failure   Level
 Freeze                   Ice            0%         1d3       63%         1
 Frozen Ramparts          Ice            0%         1d1       94%         3
 Hailstorm                Conj/Ice       0%         3d5       94%         3


Dungeon Overview and Level Annotations

Branches:
Dungeon (6/15)             Temple (1/1) D:5

Altars:
Dithmenos
Elyvilon
Fedhas
Gozag
Hepliaklqana
Kikubaaqudgha
Makhleb
Sif Muna
Uskayaw
Vehumet
Wu Jian
Yredelemnul
Zin
The Shining One

Shops:
D:6 [

Annotations:
D:3 Terence
D:5 2 transporters, DaftaChap's ghost, novice FoFi


Innate Abilities, Weirdness & Mutations

You can wield a second weapon in your off-hand.
It takes a long time for you to wield or remove held weapons.
Your first few attacks do less damage.
You cannot equip rings or amulets.


Message History

Found Ubydoofo's Armour Boutique.
An acid dragon is nearby!
A wight comes into view. It is wielding a +2 mace.
A wight comes into view. It is wielding a +0 trident.
The acid dragon spits acid at you. The splash of acid hits you!
The acid corrodes you!
You hear an angry growl.
You hear an angry hiss.
You take 10 damage, and have 51/61 hp.
It was a potion of attraction.
You feel attractive to monsters.
An adder comes into view.
The wight is attracted toward you. x2
You hit the acid dragon with your +0 long sword.
The acid dragon is lightly wounded.
You barely miss the acid dragon with your +2 short sword of electrocution.
A black bear comes into view.
The acid dragon closely misses you.
The acid dragon claws you but does no damage.
The adder is attracted toward you.
You hit the acid dragon but do no damage.
The acid dragon is lightly wounded.
You hit the acid dragon with your +0 long sword.
The acid dragon spits acid at you. The splash of acid hits you!
You take 12 damage, and have 40/61 hp.
You hit the acid dragon with your +0 long sword.
The acid dragon is heavily wounded.
You barely miss the acid dragon with your +2 short sword of electrocution.
The acid dragon barely misses you. The acid dragon claws you.
A wight comes into view. It is wielding a +0 dire flail.
The wight is attracted toward you.
You hit the acid dragon but do no damage.
The acid dragon is heavily wounded.
You hit the acid dragon with your +2 short sword of electrocution.
The acid dragon bites you! The acid dragon barely misses you.
You take 10 damage, and have 30/61 hp.
You are too injured to fight recklessly!
You are too injured to fight recklessly!
You are too injured to fight recklessly!
You hit the acid dragon with your +2 short sword of electrocution.
Lightning courses through the acid dragon!
You kill the acid dragon!
The Council accepts your kill.
Aiming: Charm
Press: ? - help, Shift-Dir - straight line, f - wight
Aim: a wight, wielding a +2 mace and wearing a +0 robe (chance to affect: 59%)
The wight resists with significant effort.
The wight misses you.
Aiming: Charm
Press: ? - help, Shift-Dir - straight line, f/p - wight
Aim: a wight, wielding a +2 mace and wearing a +0 robe (chance to affect: 59%)
The wight is charmed.
The black bear bites your wight. The black bear claws your wight.
The black bear claws your wight but does no damage.
The black bear bites your wight but does no damage.
The black bear claws your wight but does no damage.
The black bear closely misses your wight.
Your wight hits the black bear with a +2 mace!
The black bear bites your wight.
The black bear claws your wight but does no damage. x2
Your wight closely misses the black bear.
The black bear barely misses your wight.
The black bear closely misses your wight.
The black bear misses your wight.
Your wight hits the black bear with a +2 mace!
The black bear bites your wight. The black bear claws your wight. x2
Your wight barely misses the black bear.
The black bear bites your wight but does no damage.
The black bear claws your wight but does no damage.
The black bear barely misses your wight.
The black bear bites your wight. The black bear claws your wight. x2
Your wight is destroyed!
The black bear is attracted toward you. The wight is attracted toward you.
The black bear goes berserk!
The wight hits you from afar with a +0 trident!
You take 13 damage, and have 20/61 hp.
MASSIVE DAMAGE!!
You hit the black bear but do no damage.
The black bear is severely wounded.
You hit the black bear with your +0 long sword.
You are no longer corroded.
The black bear bites you but does no damage.
The black bear closely misses you.
The black bear claws you but does no damage.
The wight hits you from afar with a +0 trident.
You feel drained.
The black bear bites you but does no damage.
The black bear claws you.
* * * LOW HITPOINT WARNING * * *
The black bear closely misses you.
You take 6 damage, and have 14/60 hp.
You hit the black bear but do no damage.
The black bear is almost dead.
You hit the black bear with your +2 short sword of electrocution.
The wight hits you from afar with a +0 trident!
* * * LOW HITPOINT WARNING * * *
The black bear bites you.
* * * LOW HITPOINT WARNING * * *
The black bear misses you. The black bear claws you.
You die...

.. #.# ...#.##### #†#
.......... #.#
.###.###.# #.#####
.#.#.#.#.## #.##...
.#.#∩#.#..########..#.##
.#[#.#[#......##........
.###.###..###...........
....zzh@.## ####..####.#
###.z##### #...###+# #.
#..##.... #..##....
#...+.._. #...#....
#..##.... ###+. ..#..#


You could see 2 animated armours, a black bear (berserk) and a wight.

Vanquished Creatures
  An acid dragon (D:6)
  An orc warrior (D:5)
  An ogre (D:5)
  A phantom (D:5)
  4 scorpions (D:5)
  A howler monkey (D:5)
  4 hounds (D:5)
  A quasit (D:6)
  2 orc priests (D:5)
  2 jellies (D:6)
  2 orc wizards
  5 iguanas (D:5)
  A gnoll (D:5)
  4 adders
  A white imp (D:5)
  2 ufetubi (D:4)
  A dart slug (D:1)
  A ribbon worm (D:2)
  20 orcs
  3 ball pythons
  3 endoplasms
  3 giant cockroaches
  5 goblins
  8 hobgoblins
  7 jackals (D:1)
  3 quokkas
  7 bats
  A frilled lizard (D:1)
  A goblin skeleton (D:6)
  A goblin zombie (D:6)
  A hobgoblin zombie (D:6)
  2 kobolds
  An orc skeleton (D:6)
  2 orc zombies (D:6)
  3 rats (D:2)
106 creatures vanquished.

Vanquished Creatures (others)
  A wight (D:6)
1 creature vanquished.

Grand Total: 107 creatures vanquished

Notes
Turn   | Place    | Note
-------+----------+-------------------------------------------
     0 | D:1      | gimp the Coglin Artificer began the quest for the Orb.
     0 | D:1      | Reached XP level 1. HP: 15/15 MP: 1/1
    71 | D:1      | Reached skill level 1 in Dodging
   135 | D:1      | Reached skill level 1 in Long Blades
   135 | D:1      | Reached XP level 2. HP: 14/21 MP: 2/2
   678 | D:1      | Reached XP level 3. HP: 26/26 MP: 3/3
  1121 | D:2      | Reached skill level 2 in Long Blades
  1687 | D:3      | Found a burning altar of Makhleb.
  1844 | D:3      | Noticed Terence
  1867 | D:4      | Reached XP level 4. HP: 30/33 MP: 4/4
  1969 | D:4      | Found a glowing silver altar of Zin.
  2452 | D:4      | Found a hazy altar of Hepliaklqana.
  2627 | D:5      | Entered Level 5 of the Dungeon
  2632 | D:5      | Noticed a scorpion
  2637 | D:5      | Reached skill level 3 in Long Blades
  2637 | D:5      | Reached XP level 5. HP: 31/39 MP: 5/5
  2658 | D:5      | Noticed an orc warrior
  2907 | D:5      | Killed an orc warrior
  2908 | D:5      | Reached XP level 6. HP: 36/46 MP: 6/6
  2909 | D:5      | Reached skill level 4 in Long Blades
  3117 | D:5      | Noticed DaftaChap's ghost (novice FoFi)
  3255 | D:5      | Found a transporter.
  3287 | D:5      | Reached XP level 7. HP: 28/52 MP: 7/7
  3397 | D:5      | Found a staircase to the Ecumenical Temple.
  3409 | Temple   | Entered the Ecumenical Temple
  3433 | D:5      | Reached skill level 5 in Long Blades
  3516 | D:5      | Found an ornate altar of the Wu Jian Council.
  3565 | D:5      | Became a worshipper of the Wu Jian Council
  3745 | D:5      | Reached skill level 6 in Long Blades
  3745 | D:5      | Reached XP level 8. HP: 33/61 MP: 8/8
  4073 | D:5      | Found a transporter.
  4228 | D:6      | Reached * piety under Wu Jian
  4229 | D:6      | Found a glowing golden altar of the Shining One.
  4265 | D:6      | Found a shimmering blue altar of Sif Muna.
  4391 | D:6      | Noticed an animated crystal plate armour
  4394 | D:6      | Found Ubydoofo's Armour Boutique.
  4396 | D:6      | Noticed an animated shadow dragon scales
  4415 | D:6      | Slain by a black bear

Illustrated notes

Levels and vault maps discovered:
D:1:      lightli_arrival_statue_moat, layout_loops_ring
D:2:      layout_loops_ring, minmay_misc_feat_roman
D:3:      gammafunk_wand_slinger, layout_basic,
          mainiacjoe_overflow_tiny_flanked, mainiacjoe_overflow_alcove_1,
          xom_butterflies, nicolae_overflow_hidden_temple,
          nicolae_figureground_pulse, uniq_terence, uniq_ijyb
D:4:      layout_loops_ring, nicolae_hepliaklqana_hazy_memory,
          amcnicky_altar_gilded
D:5:      minmay_bubble_buster, layout_basic, kennysheep_little_box,
          minmay_temple_entry_statues_fountains, gammafunk_ghost_stat_death
D:6:      layout_loops_ring, lemuel_tele_altar, nicolae_tso_besieged_by_evil,
          trog_ov_bears_minmay, serial_shops, nicolae_shop_mannequins
Temple:   nicolae_temple_two_arcs

Skill      XL: |  1  2  3  4  5  6  7  8 |
---------------+-------------------------+-----
Dodging        | 1 2 3 4 |  4.4
Long Blades    | 1 2 3 4 6 |  6.9
Fighting       | 2 3 4 |  4.9
Armour         | |  1.7
Stealth        | |  0.7
Evocations     | |  4.0

Action                     |  1- 3 |  4- 6 |  7- 9 || total
---------------------------+-------+-------+-------++-------
  Melee: Club              |    67 |       |       ||    67
         Dagger            |   118 |    63 |       ||   181
         Short sword       |    50 |    67 |    94 ||   211
         Falchion          |       |    55 |    11 ||    66
         Long sword        |       |       |    81 ||    81
Ability: Lunge             |       |       |     3 ||     3
  Evoke: Wand              |       |       |     2 ||     2
    Use: Potion            |       |       |     1 ||     1
   Stab: Sleeping          |     1 |     1 |     1 ||     3
 Armour: Leather armour    |    55 |       |       ||    55
         Ring mail         |    39 |    74 |    69 ||   182
  Dodge: Dodged            |    65 |    70 |    62 ||   197

Table legend: (Time is in decaauts)
 A = Elapsed time spent in this place.
 B = Non-inter-level travel time spent in this place.
 C = Inter-level travel time spent in this place.
 D = Time resting spent in this place.
 E = Time spent auto-exploring this place.
 F = Levels seen in this place.
 G = Mean time per level.
                   A        B        C        D        E       F      G
               +--------+--------+--------+--------+--------+-----+--------+
         Total |   4421 |   4302 |    119 |     17 |   3444 |   7 |  631.6 |
       Dungeon |   4419 |   4300 |    119 |     17 |   3444 |   6 |  736.5 |
        Temple |      1 |      1 |      0 |      0 |      0 |   1 |    1.0 |
               +--------+--------+--------+--------+--------+-----+--------+

Top non-repeatable levels by time:
     D:5: 1354 daAuts
     D:4: 967 daAuts
     D:1: 938 daAuts
     D:2: 711 daAuts
     D:6: 238 daAuts
     D:3: 208 daAuts
  Temple: 1 daAuts
